Map: Lightshade LE

Players

Pacomike - Winner!

  • Race: Protoss Protoss

Erik

  • Race: Zerg Zerg

Event: DreamHack SC2 Masters 2021 Winter

VOD

Have the link to the VOD?

Description

Time

  • Played on: Sept. 30, 2021, 3:20 p.m.
  • Length: 17:24

All games in this series

Show
View Real Time Build Order
Export as new Build Order

Pacomike Protoss - Winner!

Build Orders: 1 Gate Expand, Oracle Opening 

Get SALT Encoding   

  12  0:00  Probe  
  13  0:12  Probe  
  14  0:18  Pylon  
  14  0:24  Probe (Chrono Boost)  
  15  0:38  Probe (Chrono Boost)  
  15  0:40  Gateway  
  16  0:44  Probe (Chrono Boost)  
  16  0:46  Assimilator  
  17  0:52  Probe  
  18  1:04  Probe  
  19  1:16  Probe  
  20  1:23  Nexus  
  20  1:33  Cybernetics Core  
  20  1:36  Probe  
  21  1:43  Assimilator  
  21  1:48  Probe  
  21  1:51  Pylon  
  22  2:00  Probe  
  23  2:07  Stalker (Chrono Boost)  
  23  2:12  Probe  
  26  2:25  Probe (Chrono Boost)  
  26  2:28  Stargate  
  27  2:31  Adept (Chrono Boost)  
  27  2:33  Pylon  
  30  2:38  Probe (Chrono Boost)  
  30  2:42  Probe (Chrono Boost)  
  31  2:45  Probe (Chrono Boost)  
  31  2:49  Probe (Chrono Boost)  
  33  2:52  Probe  
  34  3:00  Probe  
  34  3:02  Adept, Warp Gate  
  34  3:05  Probe  
  38  3:09  Oracle (Chrono Boost)  
  41  3:13  Probe  
  41  3:18  Probe  
  43  3:25  Probe  
  43  3:26  Gateway  
  44  3:30  Probe, Pylon  
  45  3:37  Probe  
  46  3:42  Void Ray  
  46  3:48  Probe  
  51  3:54  Probe, Pylon  
  50  4:05  Nexus  
  50  4:08  Probe  
  49  4:16  Probe  
  47  4:17  Shield Battery  
  47  4:20  Assimilator, Probe  
  47  4:21  Assimilator  
  48  4:28  Probe  
  48  4:31  Pylon  
  49  4:32  Probe  
  49  4:38  Twilight Council  
  50  4:39  Forge  
  50  4:41  Probe  
  50  4:44  Probe  
  52  4:51  Adept  
  52  4:52  Adept  
  56  4:53  Probe  
  56  4:56  Probe  
  58  5:01  Pylon  
  58  5:05  Robotics Facility, Probe  
  59  5:08  Probe  
  59  5:09  Protoss Ground Weapons Level 1 (Chrono Boost)  
  60  5:14  Blink  
  60  5:19  Shield Battery  
  60  5:20  Photon Cannon  
  61  5:22  Photon Cannon  
  61  5:25  Shield Battery  
  61  5:26  Sentry x2  
  64  5:30  Shield Battery  
  64  5:39  Gateway x2  
  64  5:42  Shield Battery  
  64  5:44  Pylon  
  64  5:50  Photon Cannon  
  64  5:51  Pylon  
  64  5:55  Immortal (Chrono Boost)  
  64  5:58  Probe  
  69  6:09  Stalker x2  
  73  6:24  Immortal (Chrono Boost)  
  69  6:26  Shield Battery  
  69  6:28  Shield Battery  
  73  6:35  Stalker x2  
  73  6:36  Stalker  
  79  6:45  Pylon  
  79  6:50  Shield Battery  
  79  6:52  Probe (Chrono Boost)  
  79  6:54  Immortal (Chrono Boost)  
  80  7:01  Cybernetics Core, Pylon  
  85  7:02  Probe (Chrono Boost)  
  85  7:06  Probe (Chrono Boost)  
  83  7:13  Probe  
  83  7:14  Probe  
  86  7:15  Zealot x2  
  86  7:16  Zealot  
  86  7:18  Probe  
  93  7:25  Probe  
  93  7:28  Probe  
  93  7:29  Warp Prism  
  97  7:30  Probe  
  98  7:37  Probe  
  98  7:40  Probe  
  98  7:41  Gateway  
  98  7:42  Adept, Probe  
  99  7:45  Protoss Ground Weapons Level 2 (Chrono Boost)  
  99  7:49  Probe, Charge (Chrono Boost)  
  100  7:52  Assimilator, Probe  
  100  7:54  Pylon  
  100  7:55  Probe  
  102  7:59  Pylon x2  
  102  8:01  Probe  
  102  8:03  Pylon  
  102  8:04  Probe  
  102  8:05  Observer  
  105  8:06  Robotics Bay  
  105  8:07  Probe  
  105  8:10  Stalker  
  108  8:16  Gateway  
  108  8:19  Stalker x3, Gateway  
  114  8:30  Assimilator  
  114  8:32  Robotics Facility  
  114  8:38  Gateway  
  114  8:39  Gateway  
  114  8:40  Stalker x2  
  118  8:43  Sentry x3  
  120  9:04  Stalker x2  
  120  9:06  Stalker x3  
  127  9:19  Disruptor (Chrono Boost)  
  127  9:23  Shield Battery  
  133  9:25  Pylon  
  133  9:28  Disruptor (Chrono Boost)  
  133  9:29  Photon Cannon  
  133  9:31  Shield Battery  
  133  9:44  Gateway  
  133  9:45  Photon Cannon  
  133  9:47  Disruptor  
  135  9:57  Disruptor  
  138  10:03  Zealot x5  
  138  10:06  Nexus, Pylon  
  148  10:09  Pylon  
  148  10:10  Pylon  
  148  10:11  Pylon  
  148  10:19  Pylon x2  
  148  10:25  Shield Battery  
  148  10:26  Disruptor  
  148  10:27  Photon Cannon  
  151  10:39  Stalker x2  
  151  10:40  Stalker x6, Protoss Ground Weapons Level 3 (Chrono Boost)  
  153  10:53  Probe  
  153  10:56  Probe  
  137  11:10  Zealot x2  
  137  11:11  Zealot x6  
  123  11:29  Probe x3  
  123  11:31  Probe  
  125  11:36  Stalker x3, Templar Archives, Sentry x3  
  125  11:37  Stalker x2  
  134  11:48  Probe  
  134  11:49  Probe  
  134  11:51  Photon Cannon  
  134  11:52  Photon Cannon  
  136  11:57  Immortal (Chrono Boost)  
  144  12:05  Immortal (Chrono Boost)  
  144  12:07  Assimilator  
  144  12:09  Assimilator  
  144  12:13  Psionic Storm, High Templar x6  
  144  12:14  High Templar x2  
  160  12:17  Archon x4  
  160  12:22  Pylon  
  160  12:26  Photon Cannon  
  160  12:27  Shield Battery  
  160  12:33  Disruptor (Chrono Boost)  
  166  12:38  Disruptor (Chrono Boost)  
  166  12:45  Photon Cannon  
  166  12:52  Probe x2  
  168  12:59  Disruptor (Chrono Boost)  
  168  13:04  Observer (Chrono Boost)  
  159  13:19  Disruptor  
  151  13:21  High Templar x3  
  157  13:27  Disruptor  
  157  13:28  Protoss Shields Level 1 (Chrono Boost)  
  157  13:30  Nexus  
  157  13:32  Pylon  
  157  13:33  Zealot  
  157  13:34  Zealot x2, Gateway x2, High Templar  
  168  13:44  Zealot, Assimilator  
  168  13:46  Assimilator  
  162  13:56  Photon Cannon  
  162  13:57  Photon Cannon, Fleet Beacon  
  162  14:00  Photon Cannon, Shield Battery  
  162  14:02  Pylon  
  162  14:14  Zealot x5  
  162  14:15  Zealot x3  
  170  14:33  Zealot  
  170  14:34  Zealot  
  168  14:45  Nexus  
  166  14:46  High Templar x4  
  166  14:50  Photon Cannon  
  166  14:51  Photon Cannon, Shield Battery  
  166  14:52  Photon Cannon, Pylon  
  162  14:54  Assimilator  
  160  15:14  Zealot x6  
  160  15:19  Photon Cannon x2, Carrier  
  174  15:29  Assimilator  
  174  15:31  Assimilator  
  174  15:35  Photon Cannon  
  174  15:37  Pylon  
  174  15:38  Stargate  
  174  15:43  Protoss Air Weapons Level 1 (Chrono Boost)  
  174  15:55  High Templar x4  
  174  15:56  Zealot x5  
  174  15:57  Zealot  
  192  16:01  Archon  
  192  16:02  Archon  
  192  16:03  Archon  
  176  16:20  Archon  
  176  16:21  Immortal x2, Carrier (Chrono Boost)  
  176  16:22  Archon  
  190  16:26  Carrier (Chrono Boost)  
  196  16:44  Shield Battery  
  196  16:46  Pylon  
  194  16:58  Stalker x2  
  194  16:59  Stalker x4  
  200  17:07  Stalker x3  
  180  17:18  Archon  
Show
View Real Time Build Order
Export as new Build Order

Erik Zerg 

Build Orders: Hatch First 

Get SALT Encoding   

  12  0:00  Drone  
  13  0:12  Overlord  
  13  0:17  Drone  
  14  0:30  Drone x2  
  16  0:47  Hatchery  
  15  0:51  Drone  
  15  0:54  Drone  
  17  0:57  Drone  
  18  1:08  Extractor  
  17  1:13  Spawning Pool  
  17  1:16  Drone  
  17  1:19  Drone  
  18  1:27  Drone  
  20  1:40  Drone  
  20  1:49  Drone  
  21  2:00  Queen x2  
  21  2:01  Zergling x2  
  26  2:02  Overlord  
  26  2:10  Drone  
  26  2:11  Drone  
  26  2:12  Metabolic Boost  
  28  2:21  Drone x2  
  30  2:36  Hatchery  
  29  2:40  Overlord  
  29  2:42  Overlord  
  29  2:46  Drone  
  29  2:47  Drone  
  30  3:00  Drone x2  
  30  3:02  Queen  
  34  3:07  Drone x2  
  34  3:11  Drone  
  34  3:12  Drone, Overlord  
  38  3:18  Queen  
  40  3:22  Drone  
  40  3:23  Drone  
  42  3:29  Zergling x4  
  43  3:38  Zergling x2  
  43  3:39  Roach Warren  
  43  3:44  Drone x4, Extractor  
  46  3:49  Queen  
  46  3:53  Zergling x2  
  49  3:59  Drone  
  47  4:10  Drone x7  
  51  4:17  Spore Crawler  
  51  4:18  Spore Crawler  
  51  4:21  Drone x3  
  52  4:25  Drone  
  52  4:30  Drone x2  
  55  4:34  Spore Crawler  
  54  4:39  Drone x4  
  57  4:45  Overlord  
  57  4:50  Drone  
  57  4:51  Lair  
  58  4:54  Extractor  
  58  4:56  Extractor  
  58  4:58  Overlord  
  58  4:59  Overlord  
  56  5:00  Drone x2  
  56  5:04  Queen  
  60  5:07  Drone x2  
  60  5:10  Queen  
  64  5:20  Roach x3  
  70  5:22  Roach  
  70  5:23  Roach  
  70  5:25  Roach  
  70  5:26  Roach  
  78  5:31  Roach x2  
  78  5:35  Overlord  
  81  5:50  Overlord x2  
  81  5:52  Queen  
  81  5:54  Ravager  
  81  5:55  Ravager x4  
  81  5:56  Zergling x2  
  89  5:58  Overlord  
  89  5:59  Overlord x2  
  89  6:08  Zergling x12  
  93  6:12  Drone x3  
  94  6:21  Ravager x2  
  94  6:22  Ravager  
  90  6:35  Zergling x2  
  90  6:36  Zergling x18  
  90  6:38  Glial Reconstitution  
  97  6:41  Evolution Chamber  
  97  6:43  Drone, Evolution Chamber  
  95  6:51  Drone x3  
  98  6:56  Drone  
  92  7:10  Drone x4  
  92  7:12  Hatchery  
  92  7:13  Drone x2  
  89  7:29  Roach x6  
  92  7:36  Roach  
  93  7:43  Roach x2  
  85  7:50  Roach x2  
  86  7:51  Zerg Ground Armor Level 1, Zerg Melee Weapons Level 1  
  86  7:52  Ravager x3  
  86  7:55  Hatchery  
  86  7:56  Zergling x4  
  86  7:58  Ravager x4  
  94  8:03  Extractor  
  93  8:07  Roach x7  
  93  8:08  Baneling Nest  
  93  8:11  Zergling x4  
  108  8:16  Overseer  
  108  8:18  Drone x2  
  110  8:22  Drone  
  110  8:23  Drone  
  110  8:24  Infestation Pit  
  113  8:27  Drone  
  113  8:28  Drone x4  
  118  8:36  Drone x7  
  124  8:42  Zergling x2  
  124  8:47  Zergling x8  
  127  9:00  Roach x2  
  129  9:09  Overlord  
  127  9:12  Queen  
  127  9:13  Overlord x3  
  127  9:14  Hive  
  127  9:15  Centrifugal Hooks  
  120  9:22  Drone x3, Extractor  
  120  9:23  Zergling x12  
  128  9:29  Pneumatized Carapace  
  128  9:32  Roach x8  
  128  9:34  Roach  
  146  9:44  Roach x4  
  154  9:47  Baneling x10  
  154  9:57  Overlord  
  154  9:58  Zergling x2, Spine Crawler  
  154  9:59  Zergling x18  
  163  10:08  Zerg Melee Weapons Level 2  
  163  10:11  Zerg Ground Armor Level 2  
  163  10:12  Hatchery  
  161  10:21  Overlord  
  161  10:23  Baneling x3  
  162  10:28  Zergling x8  
  162  10:29  Zergling x20  
  165  10:43  Baneling x4  
  165  10:44  Baneling x5  
  156  10:50  Zergling x20  
  148  11:07  Roach x5  
  148  11:08  Roach  
  142  11:16  Roach x3  
  133  11:27  Roach x6  
  133  11:28  Hatchery  
  144  11:34  Viper x2  
  145  11:58  Roach x9  
  163  12:06  Ravager x5  
  163  12:08  Viper  
  167  12:11  Hatchery  
  167  12:12  Zergling x4  
  167  12:13  Baneling x10  
  167  12:14  Baneling  
  171  12:22  Zergling x8  
  175  12:23  Zergling x4  
  177  12:30  Overlord x2  
  177  12:33  Adrenal Glands  
  177  12:37  Baneling  
  177  12:38  Baneling x6  
  177  12:39  Baneling  
  177  12:42  Overseer  
  177  12:50  Zergling x12  
  183  12:52  Spine Crawler  
  183  12:53  Spine Crawler  
  183  12:54  Spine Crawler  
  164  13:15  Zergling x24  
  173  13:38  Roach x5  
  173  13:39  Baneling  
  173  13:40  Baneling x16  
  183  13:48  Overseer  
  180  13:52  Zergling x8  
  184  13:59  Hatchery  
  184  14:01  Overlord  
  184  14:02  Overlord  
  183  14:03  Queen, Ultralisk Cavern  
  183  14:05  Spine Crawler x2  
  183  14:08  Overlord x2  
  183  14:09  Spine Crawler  
  180  14:21  Zergling x26  
  156  14:45  Drone x5  
  150  14:46  Drone x7  
  155  14:52  Chitinous Plating  
  155  15:01  Ultralisk  
  161  15:15  Ultralisk x2  
  161  15:17  Ravager  
  161  15:18  Ravager  
  173  15:37  Hatchery, Zergling x10  
  177  15:47  Ravager x6  
  177  15:49  Ravager  
  184  15:56  Baneling x6  
  184  15:59  Zergling x2  
  184  16:00  Zergling x2  
  182  16:26  Zergling x22  
  182  16:29  Baneling  
  182  16:30  Baneling x2  
  193  16:38  Ravager  
  193  16:39  Ravager  
  195  16:40  Ravager x2  
  195  16:41  Ravager  
  195  17:06  Zergling x18  

Tags
 
Add a new tag
Caveats
  • Supply blocks, unpowered buildings, or Contaminate may cause inaccurate times.
  • Supply counts are checked every 10 seconds.